 Dungeon Crawl Stone Soup version 0.29.1-14-g9c671dbff4 (webtiles) character file.

Game seed: 16201412332831924157

6327 rakiston the Spear-Bearer (level 10, -1/63 HPs)
             Began as a Merfolk Ice Elementalist on Feb 11, 2023.
             Was a Priest of Makhleb.
             Slain by an unseen horror (10 damage)
             ... on level 10 of the Dungeon on Feb 12, 2023.
             The game lasted 01:23:15 (11671 turns).

rakiston the Spear-Bearer (MfIE)                   Turns: 11671, Time: 01:23:15

Health: -1/63      AC:  4    Str: 12    XL:     10   Next: 95%
Magic:  18/22      EV: 32    Int: 18    God:    Makhleb [***...]
Gold:   1901       SH:  5    Dex: 16    Spells: 5/13 levels left

rFire   . . .      SeeInvis .   L - +0 trident
rCold   . . .      Faith    .   l - +0 buckler
rNeg    . . .      Spirit   .   a - +1 robe
rPois   .          Reflect  .   N - +1 hat
rElec   .          Harm     .   (no cloak)
rCorr   .          Rampage  .   (no gloves)
Will    .....                   (no boots)
Stlth   ++........              O - amulet of the acrobat
HPRegen 0.20/turn               d - ring of magical power
MPRegen 0.18/turn               t - +6 ring of strength

@: about to teleport, acrobatic, hasted, very quick
A: (nimble swimmer 2), mertail, weak 1
a: Renounce Religion, Minor Destruction, Lesser Servant of Makhleb


You were on level 10 of the Dungeon.
You worshipped Makhleb.
Makhleb was most pleased with you.
You visited 2 branches of the dungeon, and saw 11 of its levels.

You collected 1901 gold pieces.

Inventory:

Hand Weapons
 g - a +3 arbalest
 i - a +1 hand axe of freezing
 B - the +3 great mace of the Fortifying Saviour {freeze, rPois rC- rN+ Str+7}
   (You took it off an orc on level 6 of the Dungeon)

   It freezes those it strikes, dealing additional cold damage.
   It can also slow down cold-blooded creatures.
   Str:       It affects your strength (+7).
   rC:        It makes you vulnerable to cold.
   rPois:     It protects you from poison.
   rN:        It protects you from negative energy.
 D - a +0 spear
 L - a +0 trident (weapon)
Missiles
 q - 19 poisoned darts (quivered)
 J - a throwing net
 R - a curare-tipped dart
Armour
 a - a +1 robe (worn)
 l - a +0 buckler (worn)
 o - a +3 leather armour of cold resistance
 p - a +0 tower shield
 x - a +0 pair of boots
 N - a +1 hat (worn)
Jewellery
 d - a ring of magical power (left hand)
 m - a ring of ice
 t - a +6 ring of strength (right hand)
 F - a +6 ring of strength
 O - an amulet of the acrobat (around neck)
Wands
 e - a wand of flame (28)
 A - a wand of roots (1)
 C - a wand of mindburst (15)
Scrolls
 b - a scroll of teleportation
 j - 2 scrolls of noise
 k - 2 scrolls of magic mapping
 n - a scroll of immolation
 r - 2 scrolls of poison
 v - 2 scrolls of fear
 w - 2 scrolls of butterflies
 y - a scroll of vulnerability
 z - 3 scrolls of enchant armour
 I - a scroll of amnesia
Potions
 c - a potion of mutation
 f - 2 potions of degeneration
 h - a potion of lignification
 s - 3 potions of might
 u - a potion of flight
 E - 2 potions of ambrosia
 G - 2 potions of attraction {unknown}
 H - a potion of curing
 K - a potion of berserk rage {unknown}
 P - a potion of invisibility


   Skills:
 * Level 11.3 Polearms
 - Level 10.0 Dodging
 - Level 2.1 Stealth
 * Level 3.6 Shields
 - Level 2.0 Spellcasting
 - Level 5.3 Conjurations
 - Level 10.2 Ice Magic
 - Level 0.1 Invocations
 - Level 2.0 Evocations


You had 5 spell levels left.
You knew the following spells:

 Your Spells              Type           Power      Damage    Failure   Level
a - Freeze                Ice            100%       1d11      1%          1
b - Frozen Ramparts       Ice            76%        1d12      1%          3
c - Hailstorm             Conj/Ice       29%        3d8       10%         4

Your spell library contained the following spells:

 Spells                   Type           Power      Damage    Failure   Level
 Ozocubu's Armour         Ice            38%        N/A       1%          3
 Static Discharge         Conj/Air       11%        3-5/arc   12%         2
 Lightning Bolt           Conj/Air       5%         1d17      92%         5
 Maxwell's Capacitive Co  Air            0%         ∞         100%        8


Dungeon Overview and Level Annotations

Branches:
Dungeon (10/15)            Temple (1/1) D:4            Lair (0/5) D:8
    Orc: D:9-12

Altars:
Ashenzari
Cheibriados
Dithmenos
Elyvilon
Fedhas
Gozag
Hepliaklqana
Kikubaaqudgha
Makhleb
Nemelex Xobeh
Okawaru
Qazlal
Ru
Sif Muna
Trog
Uskayaw
Vehumet
Wu Jian
Xom
Yredelemnul
Zin
The Shining One

Annotations:
D:8 3 runed translucent doors, Admiral's ghost, novice TrCK


Innate Abilities, Weirdness & Mutations

((You are very nimble when in or above water. (Stealth+, EV+, Speed+++)))
Your lower body shifts to a powerful aquatic tail in water.
You are weak. (Str -2)


Message History

Unknown command.
Casting: Frozen Ramparts (safe; 1% risk of failure)
Confirm with . or Enter, or press ? or * to list all spells.
You can't see any susceptible monsters within range! (Use Z to cast anyway.)
Casting: Frozen Ramparts (safe; 1% risk of failure)
Confirm with . or Enter, or press ? or * to list all spells.
Casting: Frozen Ramparts (safe; 1% risk of failure)
Press: ? - help, Dir - look around, f - activate The walls around you are covered in ice.
The wall freezes something. x2; Something hits you!
The wall freezes something.
Something completely misses you.
The wall freezes something.
You block something's attack.
The wall freezes something.
Something hits you but does no damage.
The wall freezes something.
Something hits you!
The wall freezes something.
Something hits you!
The wall freezes something but does no damage.
The wall freezes something but does no damage. x2
You hit something.
The wall freezes something but does no damage.
Something hits you!
The wall freezes something.
Something hits you!
* * * LOW HITPOINT WARNING * * *
You feel yourself speed up.
The wall freezes something.
Something hits you but does no damage.
The wall freezes something.
Something hits you.
* * * LOW HITPOINT WARNING * * *
The wall freezes something.
Something hits you.
* * * LOW HITPOINT WARNING * * *
The frozen ramparts melt away as you move.
Something closely misses you. Something completely misses you. x2
As you read the scroll of teleportation, it crumbles to dust.
You feel strangely unstable. Something hits you.
* * * LOW HITPOINT WARNING * * *
Something completely misses you.
Things that are here:
a +0 dagger; a +0 robe; a kobold corpse Something completely misses you.
There is an open door here.
Something completely misses you. Something hits you!
You die...

#....# #....#
##.### #.# #.#
#.#### #..).# ####
#######'### ...#
#.#.....@.# <..###
#.#.#####.# ...'.#
#...#...#.+
...#.####.###.###.#
...#....'.....#...#
...######.###.#.###
...# #...#...#.#
...# ###<#####.#
...# #...#.....#


There were no monsters in sight!

Vanquished Creatures
  An unseen horror (D:9)
  A kobold demonologist (D:10)
  3 wyverns (D:8)
  8 yaks
  A basilisk (D:8)
  Edmund (D:6)
  Menkaure (D:4)
  2 water moccasins (D:8)
  Duvessa (D:6)
  A black bear (D:5)
  2 orc warriors
  2 sky beasts
  An ogre (D:5)
  2 centaurs
  A phantom (D:6)
  3 kobold brigands
  4 bullfrogs
  A gnoll sergeant (D:9)
  A necrophage (D:8)
  7 scorpions
  Dowan (D:6)
  7 wights
  3 killer bees (D:8)
  A howler monkey (D:8)
  3 jellies
  2 gnoll boudas
  5 orc priests
  A hound (D:4)
  8 iguanas
  Ijyb (D:4)
  13 orc wizards
  15 gnolls
  4 adders
  2 shadow imps
  A white imp (D:5)
  2 worms
  3 dart slugs
  35 orcs
  7 ball pythons
  3 endoplasms
  4 giant cockroaches
  6 goblins
  8 hobgoblins
  6 jackals (D:3)
  12 kobolds
  A quokka (D:4)
  4 bats
  4 frilled lizards
  4 rats
210 creatures vanquished.

Vanquished Creatures (others)
  3 fungi (D:8)
  11 plants (D:8)
14 creatures vanquished.

Grand Total: 224 creatures vanquished

Notes
Turn   | Place    | Note
-------+----------+-------------------------------------------
     0 | D:1      | rakiston the Merfolk Ice Elementalist began the quest for
                  | the Orb.
     0 | D:1      | Reached XP level 1. HP: 13/13 MP: 3/3
   208 | D:1      | Gained mutation: You are weak. (Str -2) [potion of
                  | mutation]
   468 | D:1      | Reached XP level 2. HP: 19/19 MP: 5/5
   576 | D:1      | Reached skill level 5 in Ice Magic
  1123 | D:2      | Reached XP level 3. HP: 24/24 MP: 6/6
  1127 | D:2      | Learned a level 3 spell: Frozen Ramparts
  1162 | D:2      | Found a faded altar of an unknown god.
  2154 | D:3      | Reached XP level 4. HP: 30/30 MP: 7/7
  2822 | D:3      | Reached XP level 5. HP: 35/35 MP: 8/8
  3102 | D:4      | Noticed Ijyb
  3111 | D:4      | Found a staircase to the Ecumenical Temple.
  3122 | Temple   | Entered the Ecumenical Temple
  3270 | Temple   | Became a worshipper of Makhleb the Destroyer
  3318 | D:4      | Found a snail-covered altar of Cheibriados.
  3513 | D:4      | Noticed Menkaure
  3513 | D:4      | Noticed a kobold brigand
  3526 | D:4      | Killed Ijyb
  3546 | D:4      | Reached XP level 6. HP: 41/41 MP: 7/9
  3554 | D:5      | Entered Level 5 of the Dungeon
  3776 | D:5      | Found an opulent altar of Gozag.
  3930 | D:5      | Reached XP level 7. HP: 37/46 MP: 6/10
  4122 | D:5      | Reached skill level 10 in Ice Magic
  4301 | D:5      | Found a radiant altar of Vehumet.
  4321 | D:5      | Reached skill level 1 in Evocations
  4325 | D:5      | Found an ancient bone altar of Kikubaaqudgha.
  4572 | D:5      | Reached * piety under Makhleb
  4573 | D:5      | Reached XP level 8. HP: 52/52 MP: 11/11
  4578 | D:5      | Learned a level 4 spell: Hailstorm
  4760 | D:5      | Upgraded the game from 0.29.1-13-g9f3cf754e1 to
                  | 0.29.1-14-g9c671dbff4
  4762 | D:6      | Noticed Duvessa
  4762 | D:6      | Noticed Dowan
  4762 | D:6      | Noticed Edmund
  4814 | D:6      | Reached skill level 1 in Conjurations
  5158 | D:6      | Identified the +3 great mace of the Fortifying Saviour
                  | {freeze, rPois rC- rN+ Str+7}
  5550 | D:6      | Found an iron altar of Okawaru.
  5645 | D:6      | Killed Edmund
  5759 | D:6      | Reached ** piety under Makhleb
  5760 | D:6      | Reached XP level 9. HP: 57/57 MP: 12/12
  5890 | D:6      | Killed Dowan
  5891 | D:6      | Reached skill level 5 in Dodging
  5891 | D:6      | Reached skill level 5 in Conjurations
  5894 | D:6      | Killed Duvessa
  6155 | D:7      | Found a broken altar of Ashenzari.
  6172 | D:7      | Found an ornate altar of the Wu Jian Council.
  6418 | D:7      | Reached skill level 1 in Polearms
  6451 | D:7      | Found a hazy altar of Hepliaklqana.
  6498 | D:7      | Reached skill level 2 in Polearms
  6554 | D:7      | Found a sacrificial altar of Ru.
  6694 | D:7      | Reached skill level 3 in Polearms
  7263 | D:8      | Reached skill level 4 in Polearms
  7545 | D:8      | Reached skill level 5 in Polearms
  7555 | D:8      | Reached skill level 6 in Polearms
  7557 | D:8      | Reached XP level 10. HP: 31/63 MP: 6/13
  7582 | D:8      | Reached skill level 7 in Polearms
  8450 | D:4      | Killed Menkaure
  8456 | D:4      | Reached skill level 8 in Polearms
  8541 | D:4      | Found a basalt altar of Yredelemnul.
  8610 | D:4      | Reached skill level 10 in Dodging
  9056 | D:7      | Reached *** piety under Makhleb
  9274 | D:8      | Reached skill level 1 in Shields
  9377 | D:8      | Found a runed translucent gate.
  9377 | D:8      | Found a runed translucent gate.
  9377 | D:8      | Found a runed translucent gate.
  9383 | D:8      | Noticed Admiral's ghost (novice TrCK)
  9411 | D:8      | Found a staircase to the Lair.
  9431 | D:8      | Reached skill level 9 in Polearms
 11025 | D:9      | Reached skill level 10 in Polearms
 11231 | D:9      | Killed an unseen horror
 11232 | D:9      | Reached skill level 11 in Polearms
 11438 | D:10     | Entered Level 10 of the Dungeon
 11540 | D:10     | Identified a scroll of acquirement
 11540 | D:10     | Acquired 1266 gold pieces
 11607 | D:10     | Noticed a kobold demonologist
 11614 | D:10     | Killed a kobold demonologist
 11671 | D:10     | Slain by an unseen horror

Illustrated notes

Levels and vault maps discovered:
D:1:      lemuel_arrival_hallway, layout_basic, ebering_dispersal_statue_hall,
          minmay_shallow_snake_nest
D:2:      minmay_evil_eye, layout_rooms,
          hellmonk_ecumenical_altar_leap_of_faith,
          chequers_serial_rivers_micro_c, kennysheep_crisscross
D:3:      layout_basic
D:4:      layout_rooms, kennysheep_mini_moat, lemuel_tele_altar, temple_statues,
          minmay_strange_pillars, chequers_serial_rivers_large_b, uniq_menkaure,
          uniq_ijyb
D:5:      layout_cave_pools, nicolae_gozag_seed_capital,
          mainiacjoe_overflow_large_starburst
D:6:      layout_rooms, okawaru_gym_becter, due_unseen_surprise, uniq_duvessa,
          uniq_edmund
D:7:      layout_basic, lemuel_crystal_altar, hangedman_ru_absence,
          mainiacjoe_overflow_alcove_1, evilmike_ruin_ashenzari
D:8:      layout_loops_ring, minmay_lair_entry_grove, gammafunk_ghost_necromancy
D:9:      layout_rooms, dreamdust_wishing_well
D:10:     layout_roguey, lightli_wizard_tower
Temple:   nicolae_temple_godzebo

Skill      XL: |  1  2  3  4  5  6  7  8  9 10 |
---------------+-------------------------------+-----
Ice Magic      | 5 6 7 9 10 | 10.2
Evocations     | 2 |  2.0
Dodging        | 3 4 8 10 | 10.0
Conjurations   | 4 5 |  5.3
Polearms       | 6 11 | 11.3
Shields        | 3 |  3.6
Stealth        | |  2.1
Spellcasting   | |  2.0
Invocations    | |  0.1

Action                   |  1- 3 |  4- 6 |  7- 9 | 10-12 || total
-------------------------+-------+-------+-------+-------++-------
Melee: Unarmed           |       |     1 |       |       ||     1
       Spear             |       |       |    14 |    63 ||    77
       Trident           |       |       |       |    36 ||    36
Throw: Dart              |       |       |       |     4 ||     4
 Cast: Freeze            |    59 |    42 |    85 |    57 ||   243
       Frozen Ramparts   |       |    16 |    34 |    27 ||    77
       Hailstorm         |       |       |     6 |     2 ||     8
Evoke: Wand              |       |       |    19 |    14 ||    33
  Use: Potion            |     1 |     1 |     7 |     3 ||    12
       Scroll            |     1 |    10 |     7 |     4 ||    22
 Stab: Sleeping          |       |       |       |     1 ||     1
Armor: Robe              |     4 |       |     9 |    17 ||    30
Dodge: Dodged            |    21 |    23 |    57 |    81 ||   182
Block: Buckler           |       |       |       |    18 ||    18
